 Dungeon Crawl Stone Soup version 0.29.1-2-gbd0b4ee654 (webtiles) character file.

Game seed: 15157997343910098466

27 hawla the Chiller (level 3, -3/26 HPs)
             Began as a Meteoran Ice Elementalist on Nov 30, 2022.
             Slain by a phantom (4 damage)
             ... on level 4 of the Dungeon.
             The game lasted 00:04:23 (454 turns).

hawla the Chiller (Meteoran Ice Elementalist)        Turns: 454, Time: 00:04:24

Health: -3/26      AC:  5    Str:  9    XL:     3   Next: 44%
Magic:  1/8        EV: 12    Int: 19    God:
Gold:   96         SH:  0    Dex: 14    Spells: 4/8 levels left

rFire   . . .      SeeInvis .   (no weapon)
rCold   . . .      Faith    .   (no shield)
rNeg    . . .      Spirit   .   a - +0 robe
rPois   .          Reflect  .   (no helmet)
rElec   .          Harm     .   (no cloak)
rCorr   .          Rampage  .   (no gloves)
Will    .....                   d - +2 pair of boots
Stlth   +.........              (no amulet)
HPRegen 0.08/turn               (no ring)
MPRegen 0.11/turn               (no ring)

@: glowing
A: sense surroundings 1, otherworldly, glowing, explore regen
a: no special abilities


You were on level 4 of the Dungeon.
You visited 1 branch of the dungeon, and saw 3 of its levels.

You collected 96 gold pieces.

Inventory:

Armour
 a - a +0 robe (worn)
 d - a +2 pair of boots (worn)
Scrolls
 c - 4 scrolls of identify
Potions
 b - a potion of magic
 e - a potion of invisibility


   Skills:
 + Level 2.6 Dodging
 - Level 1.4 Stealth
 + Level 3.3 Spellcasting
 + Level 5.0 Ice Magic


You had 4 spell levels left.
You knew the following spells:

 Your Spells              Type           Power      Damage    Failure   Level
a - Freeze                Ice            88%        1d10      1%          1
b - Frozen Ramparts       Ice            44%        1d7       5%          3

Your spell library contained the following spells:

 Spells                   Type           Power      Damage    Failure   Level
 Ozocubu's Armour         Ice            22%        N/A       5%          3
 Hailstorm                Conj/Ice       12%        3d5       45%         4


Dungeon Overview and Level Annotations

Branches:
Dungeon (2/15) Zot: 1345

Altars:


Innate Abilities, Weirdness & Mutations

You passively map a small area around you.
You are easily found by Zot.
You glow in the dark.
You regain HP and MP as you explore.


Message History

Press: ? - help, Dir - look around, f - activate The walls around you are covered in ice.
The phantom resists.
The wall freezes the phantom.
The phantom completely misses you.
Casting: Frozen Ramparts (quite dangerous; 5% risk of failure)
Confirm with . or Enter, or press ? or * to list all spells.
Aiming: Freeze (safe; 1% risk of failure)
Press: ? - help, Shift-Dir - straight line, f - phantom
Aim: a phantom (lightly damaged)
You freeze the phantom but do no damage.
The phantom completely resists.
The wall freezes the phantom but does no damage.
The phantom barely misses you.
Casting: Freeze (safe; 1% risk of failure)
Confirm with . or Enter, or press ? or * to list all spells.
Aiming: Freeze (safe; 1% risk of failure)
Press: ? - help, Shift-Dir - straight line, f/p - phantom
Aim: a phantom (lightly damaged)
You freeze the phantom but do no damage.
The phantom completely resists.
The phantom resists.
The wall freezes the phantom.
The phantom barely misses you.
Unknown command.
You hit the phantom but do no damage.
The phantom is lightly damaged.
The phantom resists.
The wall freezes the phantom.
The phantom barely misses you.
You hit the phantom.
The phantom is lightly damaged.
The phantom resists.
The wall freezes the phantom.
The phantom barely misses you.
You hit the phantom.
The phantom is moderately damaged.
The phantom resists.
The wall freezes the phantom.
The phantom hits you.
* * * LOW HITPOINT WARNING * * *
The phantom blinks!
You blink.
The frozen ramparts melt away as you move.
You closely miss the phantom.
The phantom is moderately damaged.
The phantom hits you.
You die...

, , * * , , * ,, * , * , * ,
##### *,, * * ###...## *
,##### #..###....... ,*
,##.#.## #..##........ *
*#.#.W§# #..##..####.. , * *
####@## #..##..# ##. ,*, *
#..## #..##..# #.. ,
......#..###..##.## #.. ,
.....#.#..#...#...###..#
....##...#...#..........#* ,
.. ......................##
...#.........#.#.........###
...#......##....#..###.....[
................#..# ##.....


You could see a phantom.

Vanquished Creatures
  An adder (D:4)
  An ufetubus (D:4)
  2 ball pythons (D:2)
  An endoplasm (D:2)
  A quokka (D:4)
  A frilled lizard (D:2)
  A goblin (D:2)
  3 kobolds
  2 rats (D:2)
13 creatures vanquished.

Notes
Turn   | Place    | Note
-------+----------+-------------------------------------------
     0 | D:1      | hawla the Meteoran Ice Elementalist began the quest for the
                  | Orb.
     0 | D:1      | Reached XP level 1. HP: 14/14 MP: 5/5
   129 | D:2      | Reached XP level 2. HP: 11/20 MP: 3/6
   287 | D:2      | You fall into a shaft and drop 2 floors!
   346 | D:4      | Reached skill level 5 in Ice Magic
   346 | D:4      | Reached XP level 3. HP: 26/26 MP: 4/8
   350 | D:4      | Learned a level 3 spell: Frozen Ramparts
   354 | D:4      | Noticed a phantom
   452 | D:4      | HP: 1/26 [phantom (4)]
   454 | D:4      | Slain by a phantom

Illustrated notes

Levels and vault maps discovered:
D:1:      amcnicky_arrival_choice, layout_rooms, minmay_pentomino_s4
D:2:      layout_rooms, ebering_ecumenical_altar_box,
          nicolae_kite_square_tiling_tiny, minivault_27
D:4:      layout_layer_cave

Skill      XL: |  1  2 |
---------------+-------+-----
Spellcasting   | 3 |  3.3
Ice Magic      | 5 |  5.0
Dodging        | |  2.6
Stealth        | |  1.4

Action                   || total
-------------------------++-------
Melee: Unarmed           ||    12
 Cast: Freeze            ||    23
       Frozen Ramparts   ||     4
  Use: Scroll            ||     2
       Potion            ||     2
Armor: Robe              ||    21
Dodge: Dodged            ||    37
